 Dungeon Crawl Stone Soup version 0.25.0-33-gff14898491 (webtiles) character file.

Game seed: 16571424372823957267

405 funkygono the Conjurer (level 6, -1/47 HPs)
             Began as a Draconian Conjurer on July 8, 2020.
             Killed from afar by an orc wizard (8 damage)
             ... with a magic dart
             ... on level 3 of the Dungeon.
             The game lasted 00:07:15 (3727 turns).

funkygono the Conjurer (Draconian Conjurer)         Turns: 3727, Time: 00:07:15

Health: -1/47      AC:  7    Str: 10    XL:     6   Next: 56%
Magic:  9/11       EV: 12    Int: 17    God:
Gold:   154        SH:  4    Dex: 12    Spells: 9/12 levels left

rFire    . . .     SeeInvis .   a - +0 club
rCold    . . .     Gourm    .   h - +1 buckler
rNeg     . . .     Faith    .   (armour unavailable)
rPois    .         Spirit   .   (helmet restricted)
rElec    .         Reflect  .   (no cloak)
rCorr    .         Harm     .   (no gloves)
MR       .....                  f - +0 pair of boots
Stlth    ++........             (no amulet)
HPRegen  0.15/turn              (no ring)
MPRegen  0.12/turn              (no ring)

@: mighty
A: unfitting armour, cold-blooded, AC +6
a: no special abilities


You were on level 3 of the Dungeon.
You were not hungry.

You visited 1 branch of the dungeon, and saw 3 of its levels.

You collected 154 gold pieces.

Inventory:

Hand Weapons
 a - a +0 club (weapon)
Missiles
 d - 28 stones (quivered)
Armour
 f - a +0 pair of boots (worn)
 h - a +1 buckler (worn)
Wands
 m - a wand of iceblast (7)
 n - a wand of acid (4)
 s - a wand of flame (15)
Scrolls
 e - a scroll of random uselessness {unknown}
 i - a scroll of amnesia
 o - a scroll of teleportation {unknown}
Potions
 j - 2 potions of berserk rage {unknown}
 k - a potion of magic {unknown}
 q - 2 potions of lignification {unknown}
Comestibles
 b - 4 rations
 l - 5 chunks of flesh


   Skills:
 + Level 1.6 Fighting
 + Level 1.3 Maces & Flails
 + Level 2.8 Dodging
 + Level 2.4 Stealth
 + Level 3.8 Spellcasting
 + Level 5.7 Conjurations


You had 9 spell levels left.
You knew the following spells:

 Your Spells              Type           Power        Failure   Level  Hunger
a - Magic Dart            Conj           ###.         2%          1    None
b - Searing Ray           Conj           ###...       3%          2    ##.....

Your spell library contained the following spells:

 Spells                   Type           Power        Failure   Level  Hunger
 Dazzling Flash           Conj/Hex       ##....       24%         3    ###....
 Fulminant Prism          Conj/Hex       ##........   63%         4    ####...
 Iskenderun's Mystic Bla  Conj/Tloc      ##......     63%         4    ####...


Dungeon Overview and Level Annotations

Branches:
Dungeon (3/15)

Altars:
The Shining One


Innate Abilities, Weirdness & Mutations

Your plain brown scales are hard. (AC +6)
You cannot fit into any form of body armour.
You are cold-blooded and may be slowed by cold attacks.


Message History

The orc wizard hits you but does no damage.
The goblin unwields a +0 dagger.
The goblin wields a +0 hunting sling.
The goblin shoots a sling bullet.
The sling bullet hits you.
* * * LOW HITPOINT WARNING * * *
The orc wizard hits you with a +0 dagger.
* * * LOW HITPOINT WARNING * * *
You hear some strange, mumbled words.
A magic dart appears from out of thin air!
The magic dart hits you.
* * * LOW HITPOINT WARNING * * *
You see here a sling bullet.
Unknown command.
You feel better. The orc wizard closely misses you.
You block the quokka's attack.
The goblin shoots a sling bullet.
The sling bullet barely misses you.
The sling bullet hits the orc wizard but does no damage.
The orc hits you but does no damage. Something hits you but does no damage.
The orc wizard gestures at you while chanting.
The magic dart hits you!
You die...

### ##### #.#### #...#
##....# #._.# #.....### #...#
#.......# ###.### #.#.....###
##8...8####
#)##......###ro.......#
#รท##.#...[.o({g.........
######.####.....@..o.........
.......# ##########....#####
...##### #.#### .(.# ### ...#
...# ...# #################
...#####...............#
...#.)<#.##.##.#######.#


You could see an orc wizard (fast), 2 orcs, a quokka and a goblin.

Vanquished Creatures
  Sigmund (D:3)
  2 orc priests (D:3)
  Jessica (D:2)
  Terence (D:2)
  An orc wizard (D:3)
  3 gnolls (D:3)
  2 adders
  An ooze (D:2)
  A worm (D:2)
  A dart slug (D:1)
  A leopard gecko (D:2)
  5 orcs (D:3)
  2 giant cockroaches (D:1)
  2 goblins
  9 hobgoblins
  4 jackals (D:1)
  3 ball pythons
  7 bats
  3 frilled lizards (D:1)
  6 kobolds
  6 rats
62 creatures vanquished.

Notes
Turn   | Place    | Note
-------+----------+-------------------------------------------
     0 | D:1      | funkygono the Draconian Conjurer began the quest for the
                  | Orb.
     0 | D:1      | Reached XP level 1. HP: 14/14 MP: 3/3
   193 | D:1      | Reached XP level 2. HP: 20/20 MP: 3/5
   197 | D:1      | Learned a level 2 spell: Searing Ray
  1047 | D:1      | Reached XP level 3. HP: 27/27 MP: 3/6
  1301 | D:2      | Noticed Jessica
  1315 | D:2      | Killed Jessica
  1387 | D:2      | Reached XP level 4. HP: 34/34 MP: 2/7
  1733 | D:2      | Found a faded altar of an unknown god.
  1857 | D:2      | Noticed Terence
  1938 | D:2      | Killed Terence
  1938 | D:2      | Reached skill level 5 in Conjurations
  2426 | D:2      | Reached skill level 1 in Fighting
  2810 | D:3      | Reached XP level 5. HP: 23/40 MP: 1/9
  3585 | D:3      | Noticed Sigmund
  3598 | D:3      | Killed Sigmund
  3598 | D:3      | Reached skill level 1 in Maces & Flails
  3598 | D:3      | Reached XP level 6. HP: 43/47 MP: 4/11
  3701 | D:3      | Found a glowing golden altar of the Shining One.
  3725 | D:3      | HP: 2/47 [something/magic dart (2)]
  3727 | D:3      | Killed from afar by an orc wizard

Illustrated notes

Levels and vault maps discovered:
D:1:      tarquinn_simple_flora_water_e, layout_loops_cross
D:2:      layout_loops_corners, chequers_ecumenical_altar_island,
          chequers_decorated_corner, uniq_terence, uniq_jessica
D:3:      layout_basic, lemuel_crystal_altar, minmay_door_square,
          nicolae_tso_carved_into_rock, uniq_sigmund

Skill      XL: |  1  2  3  4  5 |
---------------+----------------+-----
Stealth        | 2 |  2.4
Dodging        | 2 |  2.8
Conjurations   | 5 |  5.7
Fighting       | 1 |  1.6
Spellcasting   | 3 |  3.8
Maces & Flails | 1 |  1.3

Action                   |  1- 3 |  4- 6 || total
-------------------------+-------+-------++-------
Melee: Club              |    50 |    61 ||   111
       Unarmed           |     2 |       ||     2
       Tailslap          |       |     7 ||     7
 Cast: Magic Dart        |    57 |    82 ||   139
       Searing Ray       |     2 |     5 ||     7
  Use: Scroll            |     2 |     7 ||     9
       Potion            |       |     5 ||     5
  Eat: Chunk             |     3 |     7 ||    10
Armor: Skin              |    22 |    25 ||    47
Dodge: Dodged            |    53 |    82 ||   135
Block: Buckler           |       |     2 ||     2
